 Dungeon Crawl Stone Soup version 0.23.2-1-ga50397a (webtiles) character file.

Game seed: 13581010645942949821

3166 keltmir the Magician (level 9, -7/71 HPs)
             Began as a Gnoll Skald on May 31, 2019.
             Killed from afar by Harold (11 damage)
             ... with a harpoon shot
             ... on level 6 of the Dungeon.
             The game lasted 00:31:19 (7297 turns).

keltmir the Magician (Gnoll Skald)                  Turns: 7297, Time: 00:31:19

Health: -7/71      AC:  8    Str: 18    XL:     9   Next: 94%
Magic:  11/19      EV: 16    Int: 15    God:
Gold:   295        SH:  0    Dex: 20    Spells: 7/21 levels left

rFire    + . .     SeeInvis .   a - +1 spear (pierce)
rCold    + . .     Gourm    .   (no shield)
rNeg     . . .     Faith    .   B - +0 ring mail
rPois    .         Spirit   .   A - +0 helmet
rElec    .         Reflect  .   C - scarf {rC+ rF+}
rCorr    .         Harm     .   p - +0 pair of gloves
MR       +....                  (no boots)
Stlth    ++........             (no amulet)
HPRegen  1.21/turn              h - +6 ring of dexterity
MPRegen  0.16/turn              D - ring of protection from magic (curse)

@: marked, regenerating (expiring)
A: distributed training, fangs 1, strong nose
a: no special abilities


You were on level 6 of the Dungeon.
You were not hungry.

You visited 1 branch of the dungeon, and saw 7 of its levels.
You also visited: Sewer.

You collected 295 gold pieces.

Inventory:

Hand Weapons
 a - a +1 spear of piercing (weapon)
 b - a +1 blowgun
Missiles
 g - 12 tomahawks
 u - 3 throwing nets
 w - 2 javelins (quivered)
 x - 24 poisoned needles
Armour
 p - a +0 pair of gloves (worn)
 A - a +0 helmet (worn)
 B - a +0 ring mail (worn)
 C - a scarf of resistance (worn)
Jewellery
 h - a +6 ring of dexterity (left hand)
 s - an uncursed ring of positive energy
 D - a cursed ring of protection from magic (right hand)
Wands
 t - a wand of flame (1)
Scrolls
 c - 7 scrolls of teleportation
 e - 2 scrolls of noise {unknown}
 f - 3 scrolls of enchant weapon
 l - 3 scrolls of enchant armour {unknown}
 m - 5 scrolls of remove curse
 n - 2 scrolls of immolation {unknown}
 o - a scroll of fear {unknown}
 q - a scroll of amnesia
 y - a scroll of blinking {unknown}
Potions
 i - a potion of invisibility
 j - 2 potions of lignification {unknown}
 k - 3 potions of flight
 r - 2 potions of mutation {unknown}
 v - 2 potions of brilliance {unknown}
 z - 3 potions of berserk rage {unknown}
Comestibles
 d - 15 rations


   Skills:
 + Level 6.6 Fighting
 + Level 4.6 Short Blades
 + Level 4.6 Long Blades
 + Level 4.6 Axes
 + Level 4.6 Maces & Flails
 + Level 6.6 Polearms
 + Level 4.6 Staves
 + Level 4.6 Slings
 + Level 4.6 Bows
 + Level 4.6 Crossbows
 + Level 4.6 Throwing
 + Level 5.4 Armour
 + Level 6.6 Dodging
 + Level 4.6 Stealth
 + Level 4.6 Shields
 + Level 4.6 Unarmed Combat
 + Level 6.9 Spellcasting
 + Level 3.8 Conjurations
 + Level 3.8 Hexes
 + Level 6.7 Charms
 + Level 3.8 Summonings
 + Level 3.8 Necromancy
 + Level 3.8 Translocations
 + Level 3.8 Transmutations
 + Level 3.8 Fire Magic
 + Level 3.8 Ice Magic
 + Level 3.8 Air Magic
 + Level 3.8 Earth Magic
 + Level 3.8 Poison Magic
 + Level 5.1 Invocations
 + Level 4.6 Evocations


You had 7 spell levels left.
You knew the following spells:

 Your Spells              Type           Power        Failure   Level  Hunger
a - Infusion              Chrm           ####         1%          1    None
b - Spectral Weapon       Hex/Chrm       ###.....     8%          3    ##.....
c - Regeneration          Chrm/Necr      ###.......   8%          3    ##.....
d - Swiftness             Chrm/Air       ###.....     3%          2    None
e - Passwall              Tmut/Erth      ###.....     7%          2    None
f - Animate Skeleton      Necr           N/A          4%          1    None
g - Apportation           Tloc           ###...       4%          1    None
h - Confusing Touch       Hex            ###...       4%          1    None

Your spell library contained the following spells:

 Spells                   Type           Power        Failure   Level  Hunger
 Song of Slaying          Chrm           ####....     1%          2    None
 Shroud of Golubria       Chrm/Tloc      ###.......   3%          2    None
 Sandblast                Erth           ###...       4%          1    None
 Shock                    Conj/Air       ###.         4%          1    None
 Summon Small Mammal      Summ           ###.         4%          1    None
 Static Discharge         Conj/Air       ###.....     14%         3    ##.....
 Stone Arrow              Conj/Erth      ###...       14%         3    ##.....
 Airstrike                Air            ###.......   41%         4    ####...
 Petrify                  Tmut/Erth      ###.....     41%         4    ####...
 Lee's Rapid Deconstruct  Erth           ###.......   77%         5    #####..
 Lightning Bolt           Conj/Air       ###.......   77%         5    #####..


Dungeon Overview and Level Annotations

Branches:
Dungeon (7/15)
 Temple: D:4-7

Altars:
Makhleb

Annotations:
D:6 Harold


Innate Abilities, Weirdness & Mutations

Your experience applies equally to all skills.
You have very sharp teeth.
Your uncanny sense of smell can sniff out nearby items.


Message History

Harold shouts!
Casting: Spectral Weapon (safe; 8% risk of failure)
Confirm with . or Enter, or press ? or * to list all spells.
You draw out your weapon's spirit!
Harold casts a spell at you. The mark upon you grows brighter.
You hit Harold.
Harold is almost dead.
Harold hits you with a +0 dire flail!
* * * LOW HITPOINT WARNING * * *
Your spectral weapon hits Harold but does no damage.
You swap places.
Your skin is crawling a little less now.
Harold hits your spectral weapon with a +0 dire flail!
Your spectral weapon shares its damage with you!
* * * LOW HITPOINT WARNING * * *
Harold casts a spell at your spectral weapon.
The harpoon shot misses your spectral weapon.
The harpoon shot hits you!
You die...

############### #######
#.............#
......#######.###.......#.#
......................(>#.#
#####.#######.##........#.# #
#.# #.##........#.#####
#####.#######.##.######.#.....#
...............#.######.#..##.#
#####.#######...@....##'#####.#
#####....# #(..(.............#
.........# ###...........######
###......# #.............#
#......# #.###@####....#
###....### #....(#########
..(....# ####..........#
...###### #..........#
........# #..........#


You could see Harold and a friendly spectral +1 spear of piercing.

Vanquished Creatures
  Grinder (D:6)
  A hornet (D:6)
  A hippogriff (D:7)
  A spriggan (D:7)
  Menkaure (D:6)
  Purgy (D:3)
  2 sky beasts (D:5)
  An ogre (D:6)
  3 phantoms
  4 centaurs
  Blork the orc (D:5)
  2 bullfrogs (Sewer)
  2 scorpions
  A crimson imp (D:6)
  3 bullfrog zombies
  A bullfrog skeleton (D:4)
  An orc priest (D:6)
  3 hounds
  A centaur skeleton (D:5)
  2 jellies
  3 orc wizards
  Jessica (D:2)
  2 iguanas
  5 worker ants
  A hound skeleton (D:5)
  13 adders
  3 gnolls (D:5)
  A shadow imp (D:7)
  15 oozes
  A worm (D:4)
  4 dart slugs
  23 leopard geckos
  20 orcs
  11 giant cockroaches
  8 goblins
  5 hobgoblins
  9 jackals
  8 ball pythons
  7 bats
  16 frilled lizards
  10 kobolds
  A quokka skeleton (D:5)
  7 rats
207 creatures vanquished.

Vanquished Creatures (others)
  6 spectral weapons
6 creatures vanquished.

Grand Total: 213 creatures vanquished

Notes
Turn   | Place    | Note
-------+----------+-------------------------------------------
     0 | D:1      | keltmir the Gnoll Skald began the quest for the Orb.
     0 | D:1      | Reached XP level 1. HP: 20/20 MP: 6/6
   166 | D:1      | Reached XP level 2. HP: 26/26 MP: 7/7
   845 | D:2      | Reached XP level 3. HP: 31/31 MP: 9/9
   850 | D:2      | Learned a level 3 spell: Spectral Weapon
   887 | D:2      | Reached skill level 5 in Spellcasting
  1011 | D:2      | Reached skill level 1 in Invocations
  1191 | D:2      | Found a burning altar of Makhleb.
  1265 | D:2      | Noticed Jessica
  1276 | D:2      | Killed Jessica
  1276 | D:2      | Reached skill level 1 in Short Blades
  1276 | D:2      | Reached skill level 1 in Long Blades
  1276 | D:2      | Reached skill level 1 in Axes
  1276 | D:2      | Reached skill level 1 in Maces & Flails
  1276 | D:2      | Reached skill level 1 in Staves
  1276 | D:2      | Reached skill level 1 in Slings
  1276 | D:2      | Reached skill level 1 in Bows
  1276 | D:2      | Reached skill level 1 in Crossbows
  1276 | D:2      | Reached skill level 1 in Throwing
  1276 | D:2      | Reached skill level 1 in Stealth
  1276 | D:2      | Reached skill level 1 in Shields
  1276 | D:2      | Reached skill level 1 in Unarmed Combat
  1276 | D:2      | Reached skill level 1 in Evocations
  1276 | D:2      | Reached XP level 4. HP: 34/38 MP: 7/11
  1807 | D:3      | Reached skill level 1 in Conjurations
  1807 | D:3      | Reached skill level 1 in Hexes
  1807 | D:3      | Reached skill level 1 in Summonings
  1807 | D:3      | Reached skill level 1 in Necromancy
  1807 | D:3      | Reached skill level 1 in Translocations
  1807 | D:3      | Reached skill level 1 in Transmutations
  1807 | D:3      | Reached skill level 1 in Fire Magic
  1807 | D:3      | Reached skill level 1 in Ice Magic
  1807 | D:3      | Reached skill level 1 in Air Magic
  1807 | D:3      | Reached skill level 1 in Earth Magic
  1807 | D:3      | Reached skill level 1 in Poison Magic
  1807 | D:3      | Reached XP level 5. HP: 27/43 MP: 8/12
  2002 | D:3      | Learned a level 3 spell: Regeneration
  2189 | D:3      | Noticed Purgy
  2215 | D:3      | Killed Purgy
  2215 | D:3      | Reached XP level 6. HP: 34/50 MP: 5/13
  2344 | D:3      | Found a faded altar of an unknown god.
  2737 | D:5      | Entered Level 5 of the Dungeon
  2765 | D:5      | Reached skill level 5 in Fighting
  2765 | D:5      | Reached skill level 5 in Polearms
  2765 | D:5      | Reached skill level 5 in Dodging
  2850 | D:5      | Noticed a sky beast
  2874 | D:5      | Reached XP level 7. HP: 39/56 MP: 11/15
  2932 | D:5      | Found a glowing drain.
  2963 | D:5      | Noticed Blork the orc
  3068 | D:5      | Killed Blork the orc
  3106 | D:5      | HP: 2/56 [poisoned by an adder]
  3141 | Sewer    | Entered a sewer
  3350 | Sewer    | Reached XP level 8. HP: 63/63 MP: 12/16
  4948 | D:6      | Noticed Grinder
  4951 | D:6      | Paralysed by Grinder for 4 turns
  4999 | D:6      | Killed Grinder
  4999 | D:6      | Reached XP level 9. HP: 64/69 MP: 7/18
  5241 | D:6      | Noticed a hornet
  5248 | D:6      | Paralysed by a hornet for 1 turns
  5253 | D:6      | Paralysed by a hornet for 3 turns
  5259 | D:6      | Killed a hornet
  5676 | D:6      | Reached skill level 5 in Armour
  5694 | D:6      | Learned a level 2 spell: Swiftness
  5738 | D:6      | Learned a level 2 spell: Passwall
  5740 | D:6      | Learned a level 1 spell: Animate Skeleton
  5749 | D:6      | Got a faintly humming robe
  5760 | D:6      | Identified the cursed +1 robe of the Morning Star {-Cast
                  | rF++ Dex+7} (You found it on level 6 of the Dungeon)
  6000 | D:6      | Noticed Menkaure
  6009 | D:6      | Killed Menkaure
  6296 | D:7      | Noticed Harold
  6979 | D:7      | Reached skill level 5 in Invocations
  7129 | D:6      | Learned a level 1 spell: Apportation
  7131 | D:6      | Learned a level 1 spell: Confusing Touch
  7294 | D:6      | HP: 3/71 [Harold/+0 dire flail (10)]
  7295 | D:6      | HP: 1/71 [Harold/+0 dire flail (3)]
  7297 | D:6      | Killed from afar by Harold

Skill      XL: |  1  2  3  4  5  6  7  8  9 |
---------------+----------------------------+-----
Spellcasting   | 5 6 |  6.9
Invocations    | 1 2 3 4 5 |  5.1
Short Blades   | 1 2 3 4 |  4.6
Long Blades    | 1 2 3 4 |  4.6
Axes           | 1 2 3 4 |  4.6
Maces & Flails | 1 2 3 4 |  4.6
Staves         | 1 2 3 4 |  4.6
Slings         | 1 2 3 4 |  4.6
Bows           | 1 2 3 4 |  4.6
Crossbows      | 1 2 3 4 |  4.6
Throwing       | 1 2 3 4 |  4.6
Stealth        | 1 2 3 4 |  4.6
Shields        | 1 2 3 4 |  4.6
Unarmed Combat | 1 2 3 4 |  4.6
Evocations     | 1 2 3 4 |  4.6
Conjurations   | 1 2 3 |  3.8
Hexes          | 1 2 3 |  3.8
Summonings     | 1 2 3 |  3.8
Necromancy     | 1 2 3 |  3.8
Translocations | 1 2 3 |  3.8
Transmutations | 1 2 3 |  3.8
Fire Magic     | 1 2 3 |  3.8
Ice Magic      | 1 2 3 |  3.8
Air Magic      | 1 2 3 |  3.8
Earth Magic    | 1 2 3 |  3.8
Poison Magic   | 1 2 3 |  3.8
Armour         | 3 4 5 |  5.4
Fighting       | 5 6 |  6.6
Polearms       | 5 6 |  6.6
Dodging        | 5 6 |  6.6
Charms         | 6 |  6.7

Action                   |  1- 3 |  4- 6 |  7- 9 || total
-------------------------+-------+-------+-------++-------
Melee: Spear             |   101 |   136 |   492 ||   729
       Bite              |     7 |    27 |    61 ||    95
       Punch             |       |       |    11 ||    11
       Unarmed           |       |       |     2 ||     2
 Fire: Blowgun           |       |     5 |     6 ||    11
Throw: Tomahawk          |       |     2 |    12 ||    14
       Javelin           |       |       |     2 ||     2
       Throwing net      |       |       |     1 ||     1
 Cast: Infusion          |     3 |       |       ||     3
       Spectral Weapon   |     5 |    15 |    52 ||    72
       Regeneration      |       |     2 |    16 ||    18
       Confusing Touch   |       |       |     2 ||     2
Evoke: Wand              |       |       |     4 ||     4
  Use: Scroll            |     4 |     7 |     3 ||    14
       Potion            |       |       |     3 ||     3
 Stab: Sleeping          |     2 |     1 |     4 ||     7
       Distracted        |       |     3 |     9 ||    12
  Eat: Chunk             |     1 |     7 |    17 ||    25
       Ration            |       |       |     1 ||     1
Armor: Leather armour    |    11 |    35 |    37 ||    83
       Ring mail         |       |       |    71 ||    71
Dodge: Dodged            |    50 |   105 |   355 ||   510
